 Dungeon Crawl Stone Soup version 0.29-a0-275-g389c0b56f3 (webtiles) character file.

Game seed: 11350843210557232179

179 Ajdolov the Sneak (level 5, -3/35 HPs)
             Began as an Octopode Transmuter on Mar 10, 2022.
             Slain by Grinder (9 damage)
             ... on level 3 of the Dungeon.
             The game lasted 00:06:28 (3096 turns).

Ajdolov the Sneak (Octopode Transmuter)             Turns: 3096, Time: 00:06:29

Health: -3/35      AC:  1    Str: 13 (15) XL:     5   Next: 59%
Magic:  8/8        EV: 13    Int: 15 (18) God:
Gold:   120        SH:  0    Dex: 11 (12) Spells: 3/8 levels left

rFire   . . .      SeeInvis .     - Unarmed
rCold   . . .      Faith    .   (no shield)
rNeg    . . .      Spirit   .   (helmet restricted)
rPois   .          Reflect  .   (no amulet)
rElec   .          Harm     .   j - +6 ring of strength
rCorr   .          Rampage  .   (no ring)
Will    .....                   (no ring)
Stlth   +++.......              (no ring)
HPRegen 0.11/turn               (no ring)
MPRegen 0.11/turn               (no ring)
                                (no ring)
                                (no ring)

@: brilliant
A: almost no armour, amphibious, 8 rings, camouflage 1, gelatinous body 1,
(nimble swimmer 1), tentacles, mutation resistance 1
a: no special abilities


You were on level 3 of the Dungeon.
You visited 1 branch of the dungeon, and saw 3 of its levels.

You collected 120 gold pieces.

Inventory:

Hand Weapons
 b - a +0 hunting sling
Jewellery
 j - a +6 ring of strength (left tentacle)
Wands
 i - a wand of flame (17)
Scrolls
 d - a scroll of magic mapping {unknown}
 g - 2 scrolls of fear
Potions
 c - a potion of mutation
 f - a potion of magic
 h - a potion of ambrosia {unknown}
 k - a potion of brilliance
 l - a potion of degeneration


   Skills:
 + Level 2.6 Fighting
 - Level 2.0 Dodging
 - Level 4.0 Stealth
 + Level 4.0 Unarmed Combat
 - Level 2.0 Spellcasting
 + Level 2.5 Transmutations
 + Level 1.2 Ice Magic


You had 3 spell levels left.
You knew the following spells:

 Your Spells              Type           Power      Damage    Failure   Level
a - Beastly Appendage     Tmut           26%        N/A       8%          1
b - Ice Form              Ice/Tmut       10%        N/A       71%         4

Your spell library contained the following spells:

 Spells                   Type           Power      Damage    Failure   Level
 Wereblood                Tmut           13%        N/A       12%         2
 Spider Form              Tmut/Pois      7%         N/A       36%         3


Dungeon Overview and Level Annotations

Branches:
Dungeon (3/15)

Altars:

Shops:
D:3 :

Annotations:
D:3 Grinder


Innate Abilities, Weirdness & Mutations

You cannot wear most types of armour.
You are amphibious.
You can wear up to eight rings at the same time.
Your skin changes colour to match your surroundings (Stealth+).
Your rubbery body absorbs attacks. (AC +1, EV +1)
((You are camouflaged when in or above water. (Stealth+)))
You have tentacles for arms and can constrict up to eight enemies at once.
You are somewhat resistant to further mutation.


Message History

You constrict Grinder. Grinder misses you.
You completely miss Grinder.
Grinder is lightly wounded.
You constrict Grinder. Grinder hits you.
You writhe in agony.
You tentacle-slap Grinder but do no damage.
Grinder is lightly wounded.
You constrict Grinder. Grinder completely misses you.
You tentacle-slap Grinder. x2
Grinder is moderately wounded.
You constrict Grinder. Grinder hits you!
* * * LOW HITPOINT WARNING * * *
You writhe in agony.
* * * LOW HITPOINT WARNING * * *
Unknown command.
You tentacle-slap Grinder. You squeeze Grinder.
Grinder is moderately wounded.
You constrict Grinder. The orc wizard completely misses you.
Grinder closely misses you.
As you read the scroll labelled DOLATE NIAWKAH, it crumbles to dust.
You assume a fearsome visage.
Grinder looks frightened!
The orc looks frightened!
The orc wizard looks frightened!
It was a scroll of fear.
You constrict Grinder.
The orc wizard mumbles some strange words.
The orc wizard flickers and vanishes!
Deactivating autopickup; reactivate with Ctrl-A.
Grinder blinks free!
It was a potion of brilliance.
You feel clever all of a sudden.
Grinder blinks!
It was a potion of degeneration.
There was something very wrong with that liquid.
You feel weakened.
You feel dopey.
You feel clumsy.
Grinder blinks!
Grinder blinks!
You barely miss Grinder.
Your attack snaps Grinder out of her fear.
You grab Grinder. Your squeeze misses Grinder.
Grinder is heavily wounded.
You constrict Grinder. Grinder hits you!
You die...

....###)#.........# .
#.#.........#
#o#......####
#.#..########
##.##........#
#...#.)......########
#.#.#........##......
#?#.##†########......
..#.@#.)......'......
#.###5##########......
.. #.. #...... ..#
##.. ##.>... ##.
###..... ## ........
###..... ........
####....


You could see Grinder and an orc (fleeing).

Vanquished Creatures
  A hound (D:2)
  Natasha (D:3)
  2 orc wizards (D:3)
  An adder (D:2)
  2 worms
  2 dart slugs
  7 orcs
  3 endoplasms (D:2)
  A giant cockroach (D:1)
  5 goblins (D:1)
  3 hobgoblins
  9 ball pythons
  4 bats
  A frilled lizard (D:2)
  7 kobolds
  4 rats
53 creatures vanquished.

Notes
Turn   | Place    | Note
-------+----------+-------------------------------------------
     0 | D:1      | Ajdolov the Octopode Transmuter began the quest for the
                  | Orb.
     0 | D:1      | Reached XP level 1. HP: 13/13 MP: 3/3
   310 | D:1      | Reached skill level 1 in Stealth
   617 | D:1      | Reached XP level 2. HP: 18/18 MP: 5/5
  1139 | D:2      | Reached XP level 3. HP: 23/23 MP: 6/6
  2026 | D:2      | Reached XP level 4. HP: 22/29 MP: 7/7
  2496 | D:2      | Learned a level 4 spell: Ice Form
  2642 | D:3      | Gained mutation: You have hidden genetic defects. [potion
                  | of mutation]
  2642 | D:3      | Gained mutation: Your spells are a little harder to cast,
                  | but a little more powerful. [potion of mutation]
  2648 | D:3      | Reached XP level 5. HP: 35/35 MP: 8/8
  2648 | D:3      | Lost mutation: You have hidden genetic defects. [potion of
                  | mutation]
  2648 | D:3      | Lost mutation: Your spells are a little harder to cast, but
                  | a little more powerful. [potion of mutation]
  2648 | D:3      | Gained mutation: You are somewhat resistant to further
                  | mutation. [potion of mutation]
  2764 | D:3      | Found Yrghe Zou's Book Boutique.
  2906 | D:3      | Noticed Natasha
  2910 | D:3      | Killed Natasha
  2911 | D:3      | Reached skill level 1 in Ice Magic
  3075 | D:3      | Noticed Grinder
  3096 | D:3      | Slain by Grinder

Illustrated notes

Levels and vault maps discovered:
D:1:      dpeg_arrival_snail, layout_loops_corners, minmay_pentomino_v4
D:2:      layout_basic
D:3:      minmay_general_purpose_star, layout_basic, gammafunk_ghost_stat_death,
          serial_shops, nicolae_shop_behind_doors, uniq_terence, uniq_grinder,
          uniq_natasha

Skill      XL: |  1  2  3  4  5 |
---------------+----------------+-----
Stealth        | 2 3 4 |  4.0
Fighting       | 2 |  2.6
Ice Magic      | 1 |  1.2
Unarmed Combat | 4 |  4.0
Dodging        | |  2.0
Spellcasting   | |  2.0
Transmutations | |  2.5

Action                   |  1- 3 |  4- 6 || total
-------------------------+-------+-------++-------
Melee: Unarmed           |    32 |    63 ||    95
       Constrict         |     8 |    16 ||    24
       Tentacles         |     9 |    14 ||    23
       Punch             |       |     3 ||     3
 Fire: Hunting sling     |   119 |     6 ||   125
 Cast: Beastly Appendage |       |     2 ||     2
  Use: Potion            |       |     8 ||     8
       Scroll            |       |     1 ||     1
 Stab: Sleeping          |     1 |     3 ||     4
Armor: Skin              |     1 |    15 ||    16
Dodge: Dodged            |    25 |    47 ||    72

Table legend: (Time is in decaauts)
 A = Elapsed time spent in this place.
 B = Non-inter-level travel time spent in this place.
 C = Inter-level travel time spent in this place.
 D = Time resting spent in this place.
 E = Time spent auto-exploring this place.
 F = Levels seen in this place.
 G = Mean time per level.
                   A        B        C        D        E       F      G
               +--------+--------+--------+--------+--------+-----+--------+
         Total |   3137 |   3046 |     91 |    977 |   1350 |   3 | 1045.7 |
       Dungeon |   3137 |   3046 |     91 |    977 |   1350 |   3 | 1045.7 |
               +--------+--------+--------+--------+--------+-----+--------+

Top non-repeatable levels by time:
     D:1: 1452 daAuts
     D:2: 1111 daAuts
     D:3: 573 daAuts
